[ AOE2 MATCH · #499695720 ]
UnrankedMapuche vs Magyars
Player's team · LOSS
[ REPLAY ANALYSIS · EXTRACTED FROM THE RECORDED GAME ]
Feudal
8:53
Castle
12:48
Imperial
—
| APM avg | 52.0 |
| APM peak | 99 |
| eAPM avg | 25.1 |
| Villagers / military | 51 / 42 |
Focus
⚔️ 25.9% · 🌾 74.1%
Bolas Rider ×42
Feudal
6:59
Castle
21:06
Imperial
—
| APM avg | 43.5 |
| APM peak | 79 |
| eAPM avg | 20.3 |
| Villagers / military | 35 / 33 |
Focus
⚔️ 33.8% · 🌾 66.2%
Knight ×25 · Scout Cavalry ×8
Feudal
8:36
Castle
24:36
Imperial
—
| APM avg | 31.5 |
| APM peak | 58 |
| eAPM avg | 15.2 |
| Villagers / military | 33 / 33 |
Focus
⚔️ 20.3% · 🌾 79.7%
Skirmisher ×29 · Spearman ×2 · Trade Cart ×2 · Battering Ram ×2
Feudal
7:29
Castle
24:18
Imperial
—
| APM avg | 19.4 |
| APM peak | 41 |
| eAPM avg | 11.0 |
| Villagers / military | 38 / 56 |
Focus
⚔️ 27.1% · 🌾 72.9%
Archer ×52 · Unknown (2550) ×29 · Spearman ×4
Feudal
6:53
Castle
21:17
Imperial
—
| APM avg | 29.3 |
| APM peak | 61 |
| eAPM avg | 17.6 |
| Villagers / military | 79 / 43 |
Focus
⚔️ 20.2% · 🌾 79.8%
Knight ×22 · Steppe Lancer ×12 · Spearman ×4 · Scout Cavalry ×4 · Camel Scout ×1
Feudal
7:42
Castle
21:38
Imperial
—
| APM avg | 54.6 |
| APM peak | 111 |
| eAPM avg | 26.9 |
| Villagers / military | 50 / 41 |
Focus
⚔️ 13.7% · 🌾 86.3%
Archer ×19 · Militia ×10 · Spearman ×5 · Monk ×4 · Skirmisher ×3
Match map
Initial resources + every placement click. Lines = walls · curves = elevation contours. ◆ gold · ⬟ stone · ● berries · ✦ relic · ◌ wall gap
Your base· Open — 4t gap
☘[4:20]☘Rolando Mota dl Kmpo's base· Open — 3t gap
EPITADELI's base· Open — 4t gap
☘ [4:20] ☘ 10Moneymaker10's base· Open — 5t gap
Concensus's base· Open — unwalled flank
Jersey_TitanX's base· ✓ Closed at 21:38 · 20t walls · no gate
Smoothed initial terrain · ◌ = detected wall gap · hover for details
Inputs per minute
— ☘ [4:20] ☘ Raperz11 - - ☘[4:20]☘Rolando Mota dl Kmpo
Build order — ☘ [4:20] ☘ Raperz11
First 150 of 151 actions detected
| 0:02 | Queue | Villager (Male) |
| 0:02 | Queue | Villager (Male) |
| 0:03 | Queue | Villager (Male) |
| 0:09 | Build | Settlement |
| 0:36 | Research | Loom |
| 0:41 | Queue | Villager (Male) |
| 0:41 | Queue | Villager (Male) |
| 1:10 | Queue | Villager (Male) |
| 1:10 | Queue | Villager (Male) |
| 1:35 | Queue | Villager (Male) |
| 1:35 | Queue | Villager (Male) |
| 2:09 | Queue | Villager (Male) |
| 2:09 | Queue | Villager (Male) |
| 2:10 | Queue | Villager (Male) |
| 2:46 | Queue | Villager (Male) |
| 2:47 | Queue | Villager (Male) |
| 2:47 | Queue | Villager (Male) |
| 3:18 | Queue | Villager (Male) |
| 3:18 | Queue | Villager (Male) |
| 3:27 | Build | House |
| 4:24 | Queue | Villager (Male) |
| 4:24 | Queue | Villager (Male) |
| 5:24 | Build | Settlement |
| 5:31 | Queue | Villager (Male) |
| 5:34 | Queue | Villager (Male) |
| 5:54 | Research | Feudal Age |
| 7:25 | Queue | Villager (Male) |
| 7:26 | Queue | Villager (Male) |
| 8:10 | Build | Palisade Wall |
| 8:32 | Queue | Villager (Male) |
| 8:34 | Build | Farm |
| 8:36 | Build | Farm |
| 8:53 | Age | Feudal Age |
| 8:59 | Build | Market |
| 9:13 | Build | Blacksmith |
| 9:23 | Build | Palisade Wall |
| 9:42 | Build | House |
| 9:48 | Build | Palisade Wall |
| 9:59 | Build | Palisade Wall |
| 10:07 | Research | Castle Age |
| 10:10 | Research | Double-Bit Axe |
| 10:47 | Queue | Villager (Male) |
| 10:54 | Build | Barracks |
| 11:19 | Research | Fletching |
| 12:06 | Build | Archery Range |
| 12:15 | Build | Archery Range |
| 12:29 | Build | Farm |
| 12:48 | Age | Castle Age |
| 13:01 | Queue | Bolas Rider |
| 13:02 | Queue | Bolas Rider |
| 13:02 | Queue | Bolas Rider |
| 13:02 | Queue | Bolas Rider |
| 13:02 | Queue | Bolas Rider |
| 13:11 | Queue | Villager (Male) |
| 13:21 | Research | Bodkin Arrow |
| 13:30 | Queue | Bolas Rider |
| 13:30 | Queue | Bolas Rider |
| 13:30 | Queue | Bolas Rider |
| 13:34 | Build | Farm |
| 13:47 | Build | House |
| 13:51 | Build | Farm |
| 13:55 | Queue | Bolas Rider |
| 13:55 | Queue | Bolas Rider |
| 13:56 | Queue | Bolas Rider |
| 14:16 | Build | Palisade Wall |
| 14:21 | Queue | Villager (Male) |
| 14:25 | Build | Farm |
| 14:31 | Build | Farm |
| 14:40 | Build | Farm |
| 14:51 | Queue | Bolas Rider |
| 14:51 | Queue | Bolas Rider |
| 14:52 | Queue | Bolas Rider |
| 14:52 | Queue | Bolas Rider |
| 15:00 | Build | House |
| 15:27 | Queue | Bolas Rider |
| 15:27 | Queue | Bolas Rider |
| 15:27 | Queue | Bolas Rider |
| 15:32 | Build | House |
| 15:42 | Build | Farm |
| 15:44 | Queue | Villager (Male) |
| 15:44 | Queue | Villager (Male) |
| 15:44 | Queue | Villager (Male) |
| 15:45 | Queue | Villager (Male) |
| 16:26 | Queue | Villager (Male) |
| 16:26 | Queue | Villager (Male) |
| 16:29 | Build | House |
| 16:30 | Build | House |
| 16:33 | Queue | Bolas Rider |
| 16:34 | Queue | Bolas Rider |
| 16:34 | Queue | Bolas Rider |
| 16:34 | Queue | Bolas Rider |
| 17:22 | Queue | Villager (Male) |
| 17:23 | Queue | Villager (Male) |
| 17:27 | Build | Farm |
| 17:28 | Build | Farm |
| 17:28 | Build | Farm |
| 17:33 | Build | Palisade Wall |
| 17:35 | Build | Farm |
| 17:37 | Queue | Bolas Rider |
| 17:37 | Queue | Bolas Rider |
| 17:37 | Queue | Bolas Rider |
| 18:48 | Queue | Villager (Male) |
| 18:48 | Queue | Villager (Male) |
| 18:53 | Build | Settlement |
| 19:08 | Queue | Bolas Rider |
| 19:08 | Queue | Bolas Rider |
| 19:09 | Queue | Bolas Rider |
| 19:09 | Queue | Bolas Rider |
| 20:10 | Queue | Villager (Male) |
| 20:10 | Queue | Villager (Male) |
| 20:12 | Build | Farm |
| 20:13 | Build | Farm |
| 20:25 | Queue | Bolas Rider |
| 20:25 | Queue | Bolas Rider |
| 20:25 | Queue | Bolas Rider |
| 20:25 | Queue | Bolas Rider |
| 20:48 | Research | Padded Archer Armor |
| 22:02 | Queue | Villager (Male) |
| 22:03 | Queue | Villager (Male) |
| 22:07 | Queue | Villager (Male) |
| 22:07 | Queue | Villager (Male) |
| 22:14 | Build | Town Center |
| 22:31 | Queue | Villager (Male) |
| 22:36 | Build | House |
| 22:41 | Build | House |
| 22:53 | Build | Palisade Gate |
| 23:03 | Queue | Villager (Male) |
| 23:03 | Queue | Villager (Male) |
| 23:47 | Queue | Villager (Male) |
| 23:48 | Queue | Villager (Male) |
| 24:20 | Research | Horse Collar |
| 24:24 | Build | Farm |
| 24:24 | Build | Farm |
| 24:27 | Queue | Bolas Rider |
| 24:27 | Queue | Bolas Rider |
| 24:46 | Research | Leather Archer Armor |
| 24:47 | Research | Leather Archer Armor |
| 26:18 | Queue | Villager (Male) |
| 26:18 | Queue | Villager (Male) |
| 26:18 | Queue | Villager (Male) |
| 26:23 | Build | Farm |
| 26:23 | Build | Farm |
| 26:23 | Build | Farm |
| 26:28 | Build | Archery Range |
| 26:36 | Queue | Bolas Rider |
| 26:37 | Queue | Bolas Rider |
| 26:37 | Queue | Bolas Rider |
| 26:37 | Queue | Bolas Rider |
| 26:37 | Queue | Bolas Rider |
| 26:37 | Queue | Bolas Rider |
Build order — ☘[4:20]☘Rolando Mota dl Kmpo
First 150 of 156 actions detected
| 0:01 | Queue | Villager (Male) |
| 0:01 | Queue | Villager (Male) |
| 0:06 | Build | Lumber Camp |
| 0:36 | Queue | Villager (Male) |
| 1:04 | Build | House |
| 1:09 | Queue | Villager (Male) |
| 1:42 | Queue | Villager (Male) |
| 1:42 | Queue | Villager (Male) |
| 1:56 | Build | House |
| 1:58 | Build | Palisade Wall |
| 2:12 | Queue | Villager (Male) |
| 2:13 | Queue | Villager (Male) |
| 3:07 | Build | House |
| 3:19 | Queue | Villager (Male) |
| 3:34 | Queue | Villager (Male) |
| 3:43 | Queue | Villager (Male) |
| 3:56 | Build | Mill |
| 4:00 | Research | Loom |
| 4:49 | Research | Feudal Age |
| 5:20 | Build | Barracks |
| 6:16 | Build | House |
| 6:44 | Build | House |
| 6:49 | Queue | Villager (Male) |
| 6:59 | Age | Feudal Age |
| 7:02 | Build | Stable |
| 7:05 | Build | Palisade Wall |
| 7:09 | Research | Double-Bit Axe |
| 7:23 | Queue | Villager (Male) |
| 7:26 | Research | Horse Collar |
| 7:44 | Queue | Scout Cavalry |
| 7:46 | Queue | Villager (Male) |
| 7:53 | Build | Farm |
| 8:25 | Queue | Scout Cavalry |
| 8:26 | Queue | Villager (Male) |
| 8:28 | Build | Farm |
| 8:29 | Build | Farm |
| 8:34 | Build | Farm |
| 8:35 | Queue | Villager (Male) |
| 8:45 | Build | House |
| 8:46 | Build | Palisade Wall |
| 8:54 | Queue | Scout Cavalry |
| 9:01 | Build | Farm |
| 9:05 | Build | Farm |
| 9:10 | Build | Farm |
| 9:13 | Queue | Villager (Male) |
| 9:36 | Queue | Villager (Male) |
| 9:38 | Build | Farm |
| 9:51 | Build | Farm |
| 9:52 | Queue | Scout Cavalry |
| 10:02 | Build | House |
| 10:02 | Build | House |
| 10:22 | Queue | Villager (Male) |
| 10:25 | Build | Farm |
| 10:33 | Build | Farm |
| 10:51 | Queue | Scout Cavalry |
| 10:57 | Build | Farm |
| 11:04 | Queue | Villager (Male) |
| 11:06 | Build | Farm |
| 11:09 | Build | Palisade Wall |
| 11:51 | Build | Farm |
| 11:52 | Queue | Villager (Male) |
| 11:53 | Queue | Scout Cavalry |
| 11:53 | Queue | Scout Cavalry |
| 12:11 | Queue | Villager (Male) |
| 12:16 | Build | House |
| 12:18 | Build | Palisade Wall |
| 12:24 | Queue | Scout Cavalry |
| 12:35 | Build | Farm |
| 12:38 | Build | Farm |
| 12:48 | Queue | Villager (Male) |
| 12:56 | Build | Blacksmith |
| 13:16 | Queue | Villager (Male) |
| 13:19 | Build | Farm |
| 13:24 | Build | House |
| 13:25 | Build | Palisade Wall |
| 13:42 | Build | House |
| 13:43 | Build | Palisade Wall |
| 13:45 | Queue | Villager (Male) |
| 14:10 | Build | Gate |
| 14:13 | Build | House |
| 14:15 | Build | House |
| 14:22 | Build | Palisade Wall |
| 14:23 | Build | Palisade Wall |
| 14:40 | Build | Palisade Wall |
| 14:46 | Build | House |
| 14:47 | Build | House |
| 14:49 | Build | Palisade Wall |
| 14:57 | Queue | Villager (Male) |
| 15:02 | Build | Palisade Wall |
| 15:22 | Build | Mining Camp |
| 15:29 | Build | Palisade Wall |
| 15:31 | Build | House |
| 16:06 | Build | Watch Tower |
| 16:16 | Queue | Villager (Male) |
| 16:27 | Research | Fletching |
| 16:37 | Build | House |
| 16:45 | Queue | Villager (Male) |
| 17:01 | Build | House |
| 17:02 | Build | Palisade Wall |
| 17:18 | Queue | Villager (Male) |
| 17:51 | Queue | Villager (Male) |
| 18:12 | Queue | Villager (Male) |
| 18:25 | Research | Castle Age |
| 18:34 | Build | Palisade Wall |
| 18:41 | Build | House |
| 18:50 | Build | Farm |
| 18:50 | Build | Farm |
| 18:57 | Build | Palisade Wall |
| 19:02 | Build | House |
| 19:36 | Build | Farm |
| 19:56 | Build | Stable |
| 20:22 | Build | Stable |
| 20:41 | Build | Mining Camp |
| 20:51 | Build | Palisade Wall |
| 20:54 | Build | House |
| 21:05 | Build | Stable |
| 21:06 | Age | Castle Age |
| 21:07 | Research | Bloodlines |
| 21:10 | Research | Scale Barding Armor |
| 21:14 | Queue | Knight |
| 21:51 | Queue | Knight |
| 21:51 | Queue | Knight |
| 21:52 | Queue | Knight |
| 22:15 | Queue | Knight |
| 22:15 | Queue | Knight |
| 22:18 | Queue | Villager (Male) |
| 22:22 | Build | Farm |
| 22:22 | Build | Farm |
| 22:22 | Build | Farm |
| 22:42 | Queue | Knight |
| 22:43 | Queue | Knight |
| 23:11 | Build | Lumber Camp |
| 23:34 | Build | Market |
| 23:46 | Research | Husbandry |
| 24:20 | Queue | Villager (Male) |
| 24:21 | Queue | Villager (Male) |
| 24:29 | Queue | Knight |
| 24:29 | Queue | Knight |
| 24:29 | Queue | Knight |
| 24:34 | Queue | Knight |
| 24:34 | Queue | Knight |
| 25:10 | Queue | Knight |
| 25:11 | Queue | Knight |
| 25:25 | Queue | Knight |
| 25:25 | Queue | Knight |
| 25:57 | Queue | Villager (Male) |
| 26:14 | Queue | Knight |
| 26:15 | Queue | Knight |
| 26:15 | Queue | Knight |
| 26:23 | Research | Light Cavalry (upgrade) |
Build order — EPITADELI
132 actions detected in the replay
| 0:02 | Queue | Villager (Male) |
| 0:02 | Queue | Villager (Male) |
| 0:08 | Build | Lumber Camp |
| 0:41 | Build | House |
| 0:47 | Queue | Villager (Male) |
| 1:18 | Build | House |
| 1:26 | Build | Palisade Wall |
| 1:38 | Queue | Villager (Male) |
| 1:55 | Queue | Villager (Male) |
| 2:29 | Queue | Villager (Male) |
| 2:56 | Queue | Villager (Male) |
| 2:56 | Queue | Villager (Male) |
| 2:57 | Queue | Villager (Male) |
| 3:15 | Build | House |
| 3:20 | Build | Palisade Wall |
| 4:44 | Queue | Villager (Male) |
| 4:44 | Queue | Villager (Male) |
| 4:44 | Queue | Villager (Male) |
| 4:54 | Build | Barracks |
| 5:01 | Build | Palisade Wall |
| 5:18 | Build | Mill |
| 5:54 | Research | Loom |
| 6:07 | Build | House |
| 6:10 | Build | House |
| 6:15 | Build | Palisade Wall |
| 6:23 | Queue | Villager (Male) |
| 6:26 | Research | Feudal Age |
| 7:45 | Build | Mining Camp |
| 7:52 | Build | Farm |
| 7:53 | Build | Farm |
| 7:57 | Build | Farm |
| 7:58 | Build | Farm |
| 8:00 | Build | Farm |
| 8:24 | Build | Palisade Wall |
| 8:36 | Age | Feudal Age |
| 8:44 | Queue | Spearman |
| 8:45 | Queue | Spearman |
| 9:08 | Build | House |
| 9:09 | Build | House |
| 9:14 | Queue | Villager (Male) |
| 9:15 | Queue | Villager (Male) |
| 9:49 | Build | Farm |
| 10:04 | Queue | Villager (Male) |
| 10:05 | Queue | Villager (Male) |
| 10:18 | Build | Archery Range |
| 10:35 | Build | Farm |
| 10:50 | Queue | Villager (Male) |
| 11:04 | Queue | Villager (Male) |
| 11:09 | Build | Farm |
| 11:17 | Build | Lumber Camp |
| 11:37 | Queue | Skirmisher |
| 11:38 | Queue | Skirmisher |
| 12:02 | Queue | Skirmisher |
| 12:03 | Queue | Skirmisher |
| 12:53 | Queue | Skirmisher |
| 13:35 | Queue | Skirmisher |
| 13:35 | Queue | Skirmisher |
| 13:39 | Research | Double-Bit Axe |
| 14:14 | Queue | Villager (Male) |
| 14:14 | Queue | Villager (Male) |
| 14:14 | Queue | Villager (Male) |
| 14:14 | Queue | Villager (Male) |
| 14:21 | Build | Archery Range |
| 14:38 | Queue | Skirmisher |
| 14:46 | Build | Lumber Camp |
| 15:27 | Queue | Skirmisher |
| 15:28 | Queue | Skirmisher |
| 15:28 | Queue | Skirmisher |
| 15:28 | Queue | Skirmisher |
| 15:44 | Queue | Skirmisher |
| 15:44 | Queue | Skirmisher |
| 15:45 | Queue | Skirmisher |
| 15:45 | Queue | Skirmisher |
| 16:02 | Build | Farm |
| 16:04 | Queue | Villager (Male) |
| 16:04 | Queue | Villager (Male) |
| 16:04 | Queue | Villager (Male) |
| 17:08 | Build | Farm |
| 17:16 | Queue | Skirmisher |
| 17:16 | Queue | Skirmisher |
| 17:17 | Queue | Skirmisher |
| 17:17 | Queue | Skirmisher |
| 17:17 | Queue | Skirmisher |
| 17:18 | Queue | Skirmisher |
| 17:18 | Queue | Skirmisher |
| 17:19 | Queue | Skirmisher |
| 17:19 | Queue | Skirmisher |
| 17:19 | Queue | Skirmisher |
| 17:40 | Queue | Skirmisher |
| 17:41 | Queue | Skirmisher |
| 17:41 | Queue | Skirmisher |
| 17:58 | Build | House |
| 18:21 | Queue | Villager (Male) |
| 18:21 | Queue | Villager (Male) |
| 18:22 | Queue | Villager (Male) |
| 18:22 | Queue | Villager (Male) |
| 18:54 | Build | Market |
| 19:29 | Build | Mill |
| 19:30 | Build | Farm |
| 19:31 | Build | Farm |
| 19:31 | Build | Farm |
| 19:32 | Build | Farm |
| 19:32 | Build | Farm |
| 19:40 | Queue | Trade Cart |
| 19:40 | Queue | Trade Cart |
| 19:43 | Build | House |
| 19:45 | Build | House |
| 19:45 | Build | House |
| 20:05 | Build | House |
| 20:07 | Build | House |
| 20:07 | Build | House |
| 20:09 | Build | House |
| 20:10 | Build | House |
| 20:36 | Build | House |
| 21:05 | Build | House |
| 21:21 | Build | Lumber Camp |
| 21:24 | Build | Farm |
| 21:35 | Build | House |
| 21:42 | Build | House |
| 21:56 | Research | Castle Age |
| 22:49 | Build | Palisade Wall |
| 24:36 | Age | Castle Age |
| 24:49 | Build | Blacksmith |
| 24:52 | Queue | Villager (Male) |
| 24:55 | Research | Wheelbarrow |
| 25:12 | Build | Siege Workshop |
| 25:21 | Build | Mining Camp |
| 25:23 | Queue | Villager (Male) |
| 25:24 | Queue | Villager (Male) |
| 25:26 | Research | Horse Collar |
| 25:50 | Queue | Battering Ram |
| 25:51 | Queue | Battering Ram |
Build order — ☘ [4:20] ☘ 10Moneymaker10
131 actions detected in the replay
| 0:00 | Queue | Villager (Male) |
| 0:00 | Queue | Villager (Male) |
| 0:05 | Build | House |
| 0:22 | Build | Settlement |
| 0:56 | Queue | Villager (Male) |
| 1:16 | Queue | Villager (Male) |
| 1:16 | Queue | Villager (Male) |
| 1:16 | Queue | Villager (Male) |
| 2:06 | Queue | Villager (Male) |
| 2:07 | Queue | Villager (Male) |
| 2:57 | Queue | Villager (Male) |
| 2:59 | Queue | Villager (Male) |
| 3:29 | Build | Settlement |
| 3:40 | Queue | Villager (Male) |
| 3:43 | Queue | Villager (Male) |
| 3:44 | Queue | Villager (Male) |
| 3:53 | Research | Loom |
| 5:19 | Research | Feudal Age |
| 6:26 | Queue | Villager (Male) |
| 6:26 | Queue | Villager (Male) |
| 6:26 | Queue | Villager (Male) |
| 6:48 | Build | Barracks |
| 7:12 | Queue | Villager (Male) |
| 7:29 | Age | Feudal Age |
| 7:31 | Research | Double-Bit Axe |
| 7:36 | Build | Archery Range |
| 8:07 | Queue | Villager (Male) |
| 8:08 | Queue | Villager (Male) |
| 8:08 | Queue | Villager (Male) |
| 8:24 | Build | Archery Range |
| 8:32 | Queue | Villager (Male) |
| 9:00 | Queue | Archer |
| 9:00 | Queue | Archer |
| 9:04 | Queue | Archer |
| 9:04 | Queue | Archer |
| 9:33 | Queue | Spearman |
| 9:33 | Queue | Spearman |
| 9:39 | Build | Blacksmith |
| 9:51 | Build | House |
| 9:57 | Build | House |
| 10:13 | Queue | Archer |
| 10:13 | Queue | Archer |
| 10:15 | Queue | Archer |
| 10:15 | Queue | Archer |
| 10:49 | Queue | Spearman |
| 10:49 | Queue | Spearman |
| 10:51 | Queue | Villager (Male) |
| 10:51 | Queue | Villager (Male) |
| 10:52 | Queue | Villager (Male) |
| 10:55 | Queue | Archer ×4 |
| 11:17 | Build | House |
| 11:18 | Build | House |
| 11:19 | Build | House |
| 11:25 | Research | Fletching |
| 11:26 | Queue | Villager (Male) |
| 12:11 | Queue | Archer ×4 |
| 12:52 | Queue | Unit 2550 |
| 12:52 | Queue | Unit 2550 |
| 13:03 | Build | Farm |
| 13:03 | Build | Farm |
| 13:04 | Build | Farm |
| 13:04 | Build | Farm |
| 13:17 | Build | Farm |
| 13:17 | Build | Farm |
| 13:18 | Build | Farm |
| 13:18 | Build | Farm |
| 13:38 | Build | House |
| 13:40 | Build | House |
| 13:44 | Build | Stone Wall |
| 14:12 | Queue | Villager (Male) |
| 14:18 | Research | Tech 1402 |
| 14:19 | Queue | Unit 2550 |
| 14:19 | Queue | Unit 2550 |
| 14:19 | Queue | Unit 2550 |
| 14:38 | Build | Watch Tower |
| 14:43 | Build | Stone Wall |
| 14:45 | Build | Stone Wall |
| 14:46 | Build | Stone Wall |
| 14:53 | Queue | Villager (Male) |
| 14:53 | Queue | Villager (Male) |
| 15:03 | Build | Farm |
| 15:42 | Queue | Unit 2550 ×3 |
| 15:42 | Queue | Unit 2550 ×3 |
| 16:51 | Queue | Villager (Male) |
| 16:54 | Queue | Unit 2550 |
| 16:54 | Queue | Unit 2550 |
| 16:55 | Queue | Unit 2550 |
| 16:55 | Queue | Unit 2550 |
| 17:42 | Queue | Villager (Male) |
| 17:43 | Queue | Villager (Male) |
| 17:45 | Queue | Archer ×5 |
| 17:45 | Queue | Archer ×5 |
| 17:45 | Queue | Archer ×5 |
| 17:45 | Queue | Archer ×5 |
| 17:46 | Queue | Archer ×2 |
| 17:58 | Build | Stone Wall |
| 18:20 | Build | Market |
| 18:28 | Build | House |
| 18:32 | Build | House |
| 19:28 | Queue | Villager (Male) |
| 19:38 | Build | Farm |
| 19:38 | Build | Farm |
| 19:38 | Build | Farm |
| 19:38 | Build | Farm |
| 19:39 | Build | Farm |
| 19:39 | Build | Farm |
| 19:39 | Build | Farm |
| 19:40 | Build | Farm |
| 19:40 | Build | Farm |
| 19:40 | Build | Farm |
| 19:59 | Queue | Villager (Male) |
| 20:48 | Build | Settlement |
| 21:38 | Research | Castle Age |
| 23:49 | Build | House |
| 23:55 | Research | Horse Collar |
| 24:18 | Age | Castle Age |
| 24:50 | Queue | Villager (Male) |
| 24:50 | Queue | Villager (Male) |
| 24:55 | Research | Crossbowman (upgrade) |
| 24:58 | Research | Bow Saw |
| 25:01 | Research | Gold Mining |
| 25:27 | Research | Tech 1351 |
| 25:28 | Queue | Unit 2550 ×5 |
| 25:28 | Queue | Unit 2550 ×5 |
| 25:29 | Queue | Unit 2550 ×4 |
| 25:56 | Queue | Villager (Male) |
| 26:23 | Queue | Villager (Male) |
| 26:23 | Queue | Villager (Male) |
| 26:26 | Queue | Archer ×5 |
| 26:26 | Queue | Archer ×5 |
| 26:26 | Queue | Archer ×4 |
Build order — Concensus
First 150 of 192 actions detected
| 0:01 | Queue | Villager (Male) |
| 0:01 | Queue | Villager (Male) |
| 0:07 | Build | Lumber Camp |
| 0:54 | Queue | Villager (Male) |
| 1:18 | Queue | Villager (Male) |
| 1:41 | Build | House |
| 1:48 | Queue | Villager (Male) |
| 1:49 | Queue | Villager (Male) |
| 1:49 | Queue | Villager (Male) |
| 2:31 | Queue | Villager (Male) |
| 2:32 | Queue | Villager (Male) |
| 2:33 | Queue | Villager (Male) |
| 2:53 | Build | Mill |
| 3:49 | Queue | Villager (Male) |
| 4:43 | Research | Feudal Age |
| 5:06 | Build | House |
| 5:14 | Build | House |
| 5:18 | Build | House |
| 5:20 | Queue | Villager (Male) |
| 5:20 | Queue | Villager (Male) |
| 6:09 | Build | Palisade Wall |
| 6:53 | Age | Feudal Age |
| 6:59 | Build | Town Center |
| 7:03 | Queue | Villager (Male) |
| 7:03 | Queue | Villager (Male) |
| 7:04 | Queue | Villager (Male) |
| 7:08 | Queue | Villager (Male) |
| 7:49 | Build | Farm |
| 7:50 | Queue | Villager (Male) |
| 8:04 | Research | Double-Bit Axe |
| 8:41 | Queue | Villager (Male) |
| 8:41 | Queue | Villager (Male) |
| 8:41 | Queue | Villager (Male) |
| 8:56 | Queue | Villager (Male) |
| 9:14 | Queue | Villager (Male) |
| 9:34 | Build | Farm |
| 9:45 | Build | Barracks |
| 9:56 | Queue | Villager (Male) |
| 9:57 | Queue | Villager (Male) |
| 10:10 | Queue | Villager (Male) |
| 10:20 | Queue | Villager (Male) |
| 10:28 | Build | Farm |
| 10:36 | Build | Stable |
| 10:37 | Queue | Villager (Male) |
| 10:37 | Queue | Villager (Male) |
| 10:40 | Queue | Villager (Male) |
| 10:59 | Research | Horse Collar |
| 11:05 | Build | Farm |
| 11:08 | Build | Farm |
| 11:19 | Build | Farm |
| 11:21 | Queue | Villager (Male) |
| 11:21 | Queue | Villager (Male) |
| 11:32 | Research | Loom |
| 11:44 | Queue | Scout Cavalry |
| 11:48 | Build | House |
| 11:51 | Build | House |
| 11:55 | Build | House |
| 12:09 | Queue | Villager (Male) |
| 12:09 | Queue | Villager (Male) |
| 12:20 | Build | Farm |
| 12:24 | Build | Farm |
| 12:26 | Build | Farm |
| 12:27 | Build | Farm |
| 12:29 | Queue | Villager (Male) |
| 12:40 | Queue | Scout Cavalry |
| 13:17 | Queue | Villager (Male) |
| 13:21 | Build | Farm |
| 13:21 | Build | Farm |
| 13:22 | Build | Farm |
| 13:22 | Build | Farm |
| 13:22 | Build | Farm |
| 13:23 | Build | Farm |
| 13:47 | Queue | Spearman |
| 13:48 | Queue | Spearman |
| 13:49 | Queue | Villager (Male) |
| 14:10 | Queue | Spearman |
| 14:15 | Build | Farm |
| 14:26 | Queue | Villager (Male) |
| 14:26 | Queue | Villager (Male) |
| 14:31 | Build | Farm |
| 14:32 | Build | Farm |
| 14:34 | Build | Farm |
| 14:43 | Queue | Villager (Male) |
| 14:44 | Queue | Villager (Male) |
| 14:57 | Queue | Villager (Male) |
| 14:58 | Queue | Villager (Male) |
| 15:00 | Build | Farm |
| 15:07 | Build | Mining Camp |
| 15:30 | Build | Farm |
| 15:31 | Build | Farm |
| 15:31 | Build | Farm |
| 15:37 | Queue | Spearman |
| 15:56 | Build | Farm |
| 15:59 | Build | Farm |
| 16:01 | Build | Farm |
| 16:35 | Queue | Villager (Male) |
| 16:35 | Queue | Villager (Male) |
| 16:36 | Queue | Villager (Male) |
| 16:39 | Build | Stable |
| 17:36 | Build | Market |
| 17:47 | Queue | Villager (Male) |
| 17:48 | Queue | Villager (Male) |
| 18:05 | Build | Farm |
| 18:37 | Research | Castle Age |
| 18:58 | Build | Watch Tower |
| 18:59 | Queue | Villager (Male) |
| 19:05 | Queue | Villager (Male) |
| 19:21 | Queue | Villager (Male) |
| 19:22 | Queue | Villager (Male) |
| 19:22 | Queue | Villager (Male) |
| 19:26 | Queue | Villager (Male) |
| 20:11 | Build | Watch Tower |
| 20:13 | Queue | Villager (Male) |
| 20:14 | Queue | Villager (Male) |
| 20:34 | Research | Bloodlines |
| 20:37 | Queue | Villager (Male) |
| 20:38 | Queue | Villager (Male) |
| 20:38 | Queue | Villager (Male) |
| 20:49 | Queue | Villager (Male) |
| 20:49 | Queue | Villager (Male) |
| 20:52 | Build | Farm |
| 21:05 | Build | Blacksmith |
| 21:11 | Queue | Villager (Male) |
| 21:14 | Build | Farm |
| 21:17 | Age | Castle Age |
| 21:24 | Queue | Knight ×2 |
| 21:41 | Build | Farm |
| 21:41 | Queue | Villager (Male) |
| 21:51 | Research | Bow Saw |
| 21:53 | Queue | Villager (Male) |
| 21:56 | Build | House |
| 22:03 | Research | Scale Barding Armor |
| 22:25 | Queue | Knight |
| 22:40 | Queue | Villager (Male) |
| 22:40 | Queue | Villager (Male) |
| 22:44 | Queue | Knight ×2 |
| 22:51 | Build | House |
| 22:52 | Build | House |
| 22:52 | Build | House |
| 22:53 | Build | House |
| 22:56 | Queue | Villager (Male) |
| 22:57 | Queue | Villager (Male) |
| 23:18 | Queue | Knight |
| 23:19 | Queue | Knight |
| 23:20 | Queue | Villager (Male) |
| 23:21 | Queue | Villager (Male) |
| 23:26 | Queue | Villager (Male) |
| 23:34 | Build | Town Center |
| 23:35 | Queue | Villager (Male) |
| 23:57 | Research | Chain Barding Armor |
Build order — Jersey_TitanX
First 150 of 171 actions detected
| 0:02 | Queue | Villager (Male) |
| 0:02 | Queue | Villager (Male) |
| 0:02 | Queue | Villager (Male) |
| 0:09 | Build | Lumber Camp |
| 0:19 | Build | House |
| 0:21 | Build | House |
| 0:35 | Queue | Villager (Male) |
| 1:07 | Queue | Villager (Male) |
| 1:08 | Queue | Villager (Male) |
| 1:37 | Queue | Villager (Male) |
| 1:37 | Queue | Villager (Male) |
| 1:37 | Queue | Villager (Male) |
| 1:51 | Queue | Villager (Male) |
| 2:28 | Queue | Villager (Male) |
| 2:28 | Queue | Villager (Male) |
| 2:28 | Queue | Villager (Male) |
| 2:56 | Build | Mill |
| 3:17 | Research | Loom |
| 3:22 | Queue | Villager (Male) |
| 3:22 | Queue | Villager (Male) |
| 3:23 | Queue | Villager (Male) |
| 3:23 | Queue | Villager (Male) |
| 3:29 | Queue | Villager (Male) |
| 3:29 | Queue | Villager (Male) |
| 4:18 | Build | Barracks |
| 5:32 | Research | Feudal Age |
| 5:38 | Build | House |
| 5:59 | Build | Mining Camp |
| 6:10 | Queue | Militia |
| 6:13 | Build | House |
| 6:21 | Build | Palisade Wall |
| 6:32 | Queue | Militia |
| 6:43 | Build | Palisade Wall |
| 6:44 | Build | Palisade Wall |
| 6:45 | Build | Palisade Wall |
| 6:53 | Build | House |
| 7:01 | Build | Palisade Wall |
| 7:05 | Queue | Militia |
| 7:19 | Queue | Villager (Male) |
| 7:40 | Build | House |
| 7:42 | Age | Feudal Age |
| 7:55 | Queue | Villager (Male) |
| 8:02 | Build | House |
| 8:11 | Research | Man-at-Arms (upgrade) |
| 8:23 | Queue | Spearman |
| 8:32 | Build | House |
| 8:34 | Research | Double-Bit Axe |
| 8:43 | Queue | Villager (Male) |
| 8:46 | Queue | Militia |
| 8:49 | Build | House |
| 8:50 | Queue | Villager (Male) |
| 8:57 | Build | Farm |
| 9:09 | Queue | Villager (Male) |
| 9:17 | Build | Palisade Wall |
| 9:20 | Build | House |
| 9:26 | Queue | Spearman |
| 9:30 | Queue | Militia |
| 9:50 | Queue | Villager (Male) |
| 9:59 | Build | Archery Range |
| 10:04 | Queue | Militia |
| 10:12 | Build | Farm |
| 10:18 | Build | House |
| 10:31 | Queue | Villager (Male) |
| 10:35 | Queue | Spearman |
| 10:52 | Build | Lumber Camp |
| 11:04 | Queue | Archer |
| 11:08 | Build | Archery Range |
| 11:26 | Build | Palisade Gate |
| 11:28 | Build | House |
| 11:39 | Build | Farm |
| 11:45 | Build | Farm |
| 11:50 | Queue | Villager (Male) |
| 12:06 | Queue | Militia |
| 12:10 | Queue | Archer |
| 12:12 | Queue | Spearman |
| 12:17 | Queue | Archer |
| 12:23 | Build | Farm |
| 12:28 | Build | Farm |
| 12:38 | Build | Farm |
| 12:53 | Queue | Villager (Male) |
| 13:02 | Build | Mining Camp |
| 13:16 | Queue | Villager (Male) |
| 13:21 | Build | Blacksmith |
| 13:23 | Queue | Villager (Male) |
| 13:41 | Research | Arson |
| 13:57 | Queue | Militia |
| 13:59 | Queue | Archer |
| 14:32 | Queue | Archer |
| 14:49 | Research | Fletching |
| 14:52 | Queue | Archer |
| 14:54 | Build | House |
| 15:35 | Queue | Villager (Male) |
| 15:37 | Queue | Militia |
| 15:53 | Queue | Villager (Male) |
| 16:01 | Build | Farm |
| 16:01 | Build | Farm |
| 16:01 | Build | Farm |
| 16:01 | Build | Farm |
| 16:02 | Build | Farm |
| 16:02 | Build | Farm |
| 16:02 | Build | Farm |
| 16:03 | Build | Farm |
| 16:32 | Queue | Villager (Male) |
| 16:34 | Queue | Militia |
| 16:39 | Queue | Archer |
| 16:43 | Queue | Villager (Male) |
| 17:05 | Queue | Villager (Male) |
| 17:09 | Queue | Villager (Male) |
| 17:42 | Queue | Villager (Male) |
| 17:47 | Build | Market |
| 17:49 | Queue | Villager (Male) |
| 18:08 | Queue | Villager (Male) |
| 18:19 | Build | Watch Tower |
| 18:24 | Queue | Villager (Male) |
| 18:58 | Research | Castle Age |
| 18:59 | Build | Farm |
| 19:04 | Build | House |
| 19:33 | Build | House |
| 20:03 | Queue | Archer |
| 20:06 | Research | Padded Archer Armor |
| 20:10 | Queue | Archer |
| 20:58 | Queue | Archer |
| 21:03 | Build | Archery Range |
| 21:33 | Build | Lumber Camp |
| 21:35 | Queue | Archer |
| 21:38 | Age | Castle Age |
| 21:44 | Research | Crossbowman (upgrade) |
| 21:46 | Queue | Archer |
| 21:48 | Research | Elite Skirmisher (upgrade) |
| 21:49 | Build | Farm |
| 21:50 | Build | Farm |
| 21:50 | Build | Farm |
| 21:50 | Build | Farm |
| 22:16 | Queue | Archer |
| 22:18 | Queue | Archer |
| 22:19 | Build | Farm |
| 22:20 | Build | Farm |
| 22:20 | Build | Farm |
| 22:22 | Queue | Archer |
| 22:24 | Queue | Villager (Male) |
| 22:27 | Queue | Villager (Male) |
| 22:28 | Queue | Villager (Male) |
| 22:42 | Build | Farm |
| 22:42 | Build | Farm |
| 22:42 | Build | Farm |
| 22:50 | Queue | Villager (Male) |
| 22:52 | Queue | Villager (Male) |
| 23:30 | Queue | Villager (Male) |
| 23:33 | Queue | Archer |
| 23:40 | Build | Monastery |
Match timeline
| 1:26 | EPITADELI · wall_segment Palisade Wall x12 |
| 1:58 | ☘[4:20]☘Rolando Mota dl Kmpo · wall_segment Palisade Wall x4 |
| 3:20 | EPITADELI · wall_segment Palisade Wall x5 |
| 4:18 | Jersey_TitanX · first_building Barracks |
| 4:54 | EPITADELI · first_building Barracks |
| 5:01 | EPITADELI · wall_segment Palisade Wall x9 |
| 5:20 | ☘[4:20]☘Rolando Mota dl Kmpo · first_building Barracks |
| 6:09 | Concensus · wall_segment Palisade Wall x1 |
| 6:15 | EPITADELI · wall_segment Palisade Wall x1 |
| 6:21 | Jersey_TitanX · wall_segment Palisade Wall x8 |
| 6:43 | Jersey_TitanX · wall_segment Palisade Wall x1 |
| 6:44 | Jersey_TitanX · wall_segment Palisade Wall x1 |
| 6:45 | Jersey_TitanX · wall_segment Palisade Wall x1 |
| 6:48 | ☘ [4:20] ☘ 10Moneymaker10 · first_building Barracks |
| 6:53 | Concensus · age_up feudal |
| 6:59 | ☘[4:20]☘Rolando Mota dl Kmpo · age_up feudal |
| 7:01 | Jersey_TitanX · wall_segment Palisade Wall x8 |
| 7:02 | ☘[4:20]☘Rolando Mota dl Kmpo · first_building Stable |
| 7:05 | ☘[4:20]☘Rolando Mota dl Kmpo · wall_segment Palisade Wall x2 |
| 7:29 | ☘ [4:20] ☘ 10Moneymaker10 · age_up feudal |
| 7:36 | ☘ [4:20] ☘ 10Moneymaker10 · first_building Archery Range |
| 7:42 | Jersey_TitanX · age_up feudal |
| 8:10 | ☘ [4:20] ☘ Raperz11 · wall_segment Palisade Wall x5 |
| 8:24 | EPITADELI · wall_segment Palisade Wall x5 |
| 8:36 | EPITADELI · age_up feudal |
| 8:46 | ☘[4:20]☘Rolando Mota dl Kmpo · wall_segment Palisade Wall x2 |
| 8:53 | ☘ [4:20] ☘ Raperz11 · age_up feudal |
| 9:17 | Jersey_TitanX · wall_segment Palisade Wall x1 |
| 9:23 | ☘ [4:20] ☘ Raperz11 · wall_segment Palisade Wall x4 |
| 9:45 | Concensus · first_building Barracks |
| 9:48 | ☘ [4:20] ☘ Raperz11 · wall_segment Palisade Wall x2 |
| 9:59 | ☘ [4:20] ☘ Raperz11 · wall_segment Palisade Wall x4 |
| 9:59 | Jersey_TitanX · first_building Archery Range |
| 10:18 | EPITADELI · first_building Archery Range |
| 10:36 | Concensus · first_building Stable |
| 10:54 | ☘ [4:20] ☘ Raperz11 · first_building Barracks |
| 11:09 | ☘[4:20]☘Rolando Mota dl Kmpo · wall_segment Palisade Wall x9 |
| 12:06 | ☘ [4:20] ☘ Raperz11 · first_building Archery Range |
| 12:18 | ☘[4:20]☘Rolando Mota dl Kmpo · wall_segment Palisade Wall x6 |
| 12:48 | ☘ [4:20] ☘ Raperz11 · age_up castle |
| 13:25 | ☘[4:20]☘Rolando Mota dl Kmpo · wall_segment Palisade Wall x7 |
| 13:43 | ☘[4:20]☘Rolando Mota dl Kmpo · wall_segment Palisade Wall x3 |
| 13:44 | ☘ [4:20] ☘ 10Moneymaker10 · wall_segment Stone Wall x1 |
| 14:16 | ☘ [4:20] ☘ Raperz11 · wall_segment Palisade Wall x5 |
| 14:22 | ☘[4:20]☘Rolando Mota dl Kmpo · wall_segment Palisade Wall x1 |
| 14:23 | ☘[4:20]☘Rolando Mota dl Kmpo · wall_segment Palisade Wall x1 |
| 14:40 | ☘[4:20]☘Rolando Mota dl Kmpo · wall_segment Palisade Wall x1 |
| 14:43 | ☘ [4:20] ☘ 10Moneymaker10 · wall_segment Stone Wall x1 |
| 14:45 | ☘ [4:20] ☘ 10Moneymaker10 · wall_segment Stone Wall x1 |
| 14:46 | ☘ [4:20] ☘ 10Moneymaker10 · wall_segment Stone Wall x1 |
| 14:49 | ☘[4:20]☘Rolando Mota dl Kmpo · wall_segment Palisade Wall x2 |
| 15:02 | ☘[4:20]☘Rolando Mota dl Kmpo · wall_segment Palisade Wall x1 |
| 15:29 | ☘[4:20]☘Rolando Mota dl Kmpo · wall_segment Palisade Wall x1 |
| 17:02 | ☘[4:20]☘Rolando Mota dl Kmpo · wall_segment Palisade Wall x5 |
| 17:33 | ☘ [4:20] ☘ Raperz11 · wall_segment Palisade Wall x5 |
| 17:58 | ☘ [4:20] ☘ 10Moneymaker10 · wall_segment Stone Wall x15 |
| 18:21 | ☘ [4:20] ☘ Raperz11 · tribute_sent a jugador 1 |
| 18:21 | ☘ [4:20] ☘ Raperz11 · tribute_sent a jugador 2 |
| 18:21 | ☘ [4:20] ☘ Raperz11 · tribute_sent a jugador 3 |
| 18:21 | ☘ [4:20] ☘ Raperz11 · tribute_sent a jugador 4 |
| 18:21 | ☘ [4:20] ☘ Raperz11 · tribute_sent a jugador 6 |
| 18:34 | Concensus · first_market_sell 100 wood |
| 18:34 | ☘[4:20]☘Rolando Mota dl Kmpo · wall_segment Palisade Wall x6 |
| 18:45 | Jersey_TitanX · first_market_buy 100 food |
| 18:46 | Jersey_TitanX · first_market_sell 100 wood |
| 18:57 | ☘[4:20]☘Rolando Mota dl Kmpo · wall_segment Palisade Wall x2 |
| 19:54 | ☘ [4:20] ☘ 10Moneymaker10 · tribute_sent a jugador 1 |
| 19:54 | ☘ [4:20] ☘ 10Moneymaker10 · tribute_sent a jugador 2 |
| 19:54 | ☘ [4:20] ☘ 10Moneymaker10 · tribute_sent a jugador 4 |
| 19:54 | ☘ [4:20] ☘ 10Moneymaker10 · tribute_sent a jugador 5 |
| 19:54 | ☘ [4:20] ☘ 10Moneymaker10 · tribute_sent a jugador 6 |
| 20:51 | ☘[4:20]☘Rolando Mota dl Kmpo · wall_segment Palisade Wall x1 |
| 20:59 | ☘ [4:20] ☘ 10Moneymaker10 · tribute_sent a jugador 1 |
| 20:59 | ☘ [4:20] ☘ 10Moneymaker10 · tribute_sent a jugador 2 |
| 20:59 | ☘ [4:20] ☘ 10Moneymaker10 · tribute_sent a jugador 4 |
| 20:59 | ☘ [4:20] ☘ 10Moneymaker10 · tribute_sent a jugador 5 |
| 20:59 | ☘ [4:20] ☘ 10Moneymaker10 · tribute_sent a jugador 6 |
| 21:06 | ☘[4:20]☘Rolando Mota dl Kmpo · age_up castle |
| 21:15 | ☘ [4:20] ☘ Raperz11 · tribute_sent a jugador 1 |
| 21:15 | ☘ [4:20] ☘ Raperz11 · tribute_sent a jugador 2 |
| 21:15 | ☘ [4:20] ☘ Raperz11 · tribute_sent a jugador 3 |
| 21:15 | ☘ [4:20] ☘ Raperz11 · tribute_sent a jugador 4 |
| 21:15 | ☘ [4:20] ☘ Raperz11 · tribute_sent a jugador 6 |
| 21:17 | Concensus · age_up castle |
| 21:24 | ☘ [4:20] ☘ 10Moneymaker10 · first_market_buy 100 food |
| 21:30 | ☘ [4:20] ☘ 10Moneymaker10 · first_market_sell 100 wood |
| 21:38 | Jersey_TitanX · age_up castle |
| 21:46 | EPITADELI · first_market_sell 100 wood |
| 21:51 | EPITADELI · first_market_buy 100 food |
| 22:49 | EPITADELI · wall_segment Palisade Wall x10 |
| 23:40 | Jersey_TitanX · first_building Monastery |
| 24:18 | ☘ [4:20] ☘ 10Moneymaker10 · age_up castle |
| 24:27 | ☘[4:20]☘Rolando Mota dl Kmpo · first_market_sell 100 wood |
| 24:36 | EPITADELI · age_up castle |
| 24:43 | ☘ [4:20] ☘ Raperz11 · first_market_buy 100 wood |
| 25:12 | EPITADELI · first_building Siege Workshop |
| 26:12 | Jersey_TitanX · resign |
[ AI ANALYSIS · 1 CREDIT ]
What really happened in this match?
Wolo.gg analyzes every decision: build order, eco, micro, common mistakes by bracket. Personalized analysis on WhatsApp or Discord in 30 seconds.
Civ guide
Mapuche
Perfil
Jugador #6103593